 Dungeon Crawl Stone Soup version 0.28.0-49-g6dfe1f597d (console) character file.

Game seed: 10118309046447806080

2198 Faeu the Cleaver (level 9, -21/109 HPs)
             Began as a Minotaur Berserker on May 16, 2022.
             Was a Priest of Trog.
             Demolished by a sun demon (23 damage)
             ... summoned by a kobold demonologist
             ... in a bailey.
             The game lasted 00:13:38 (6687 turns).

Faeu the Cleaver (Minotaur Berserker)               Turns: 6687, Time: 00:13:39

Health: -21/109    AC: 13    Str: 26    XL:     9   Next: 12%
Magic:  0/8        EV:  8    Int:  4    God:    Trog [***...]
Gold:   378        SH:  0    Dex: 16    Spells: 8/8 levels left

rFire   . . .      SeeInvis .   z - +1 spear (vamp) {polearm}
rCold   . . .      Faith    .   (no shield)
rNeg    . . .      Spirit   +   y - +0 plate armour
rPois   .          Reflect  .   j - +0 hat
rElec   .          Harm     .   (no cloak)
rCorr   .          Rampage  .   (no gloves)
Will    .....                   n - +0 pair of boots
Stlth   ..........              s - amulet of guardian spirit
HPRegen 0.28/turn               H - +6 ring of dexterity
MPRegen 0.11/turn               (no ring)

@: berserking, very quick
A: horns 2, retaliatory headbutt
a: Renounce Religion, Berserk, Trog's Hand


You were in a bailey.
You worshipped Trog.
Trog was most pleased with you.
You visited 1 branch of the dungeon, and saw 8 of its levels.
You also visited: Bailey.

You collected 378 gold pieces.


Innate Abilities, Weirdness & Mutations

You have a pair of horns on your head.
You reflexively headbutt those who attack you in melee.


   Skills:
 - Level 4.9 Fighting
 + Level 13.5 Axes
 - Level 4.0 Armour
 - Level 3.7 Dodging


You had 8 spell levels left.
You didn't know any spells.
Your spell library contained the following spells:

 Spells                   Type           Power      Damage    Failure   Level
 Magic Dart               Conj           0%         1d3       100%        1
 Call Imp                 Summ           0%         N/A       100%        2
 Call Canine Familiar     Summ           0%         N/A       100%        3
 Mephitic Cloud           Conj/Pois/Air  0%         N/A       100%        3
 Portal Projectile        Hex/Tloc       0%         N/A       100%        3
 Leda's Liquefaction      Hex/Erth       0%         N/A       100%        4

Inventory:

Hand Weapons
 a - a +0 hand axe {axe}
 p - a +0 short sword of freezing {short}
   (You took it off a kobold on level 8 of the Dungeon)
 z - a +1 vampiric spear (weapon) {polearm}
   (You took it off a gnoll sergeant on level 6 of the Dungeon)
 C - a +0 halberd of venom {polearm}
   (You took it off a gnoll on level 5 of the Dungeon)
Missiles
 t - a curare-tipped dart {=fthrowing}
 F - 60 stones (quivered) {throwing}
Armour
 b - a +0 animal skin
 j - a +0 hat (worn)
   (You found it on level 2 of the Dungeon)
 k - a +0 chain mail
   (You found it on level 1 of the Dungeon)
 n - a +0 pair of boots (worn)
   (You found it on level 3 of the Dungeon)
 q - a +2 robe of cold resistance
   (You took it off Jessica on level 3 of the Dungeon)
 y - a +0 plate armour (worn)
   (You found it on level 1 of the Dungeon)
Jewellery
 h - an amulet of the acrobat
   (You found it on level 2 of the Dungeon)
 i - a ring of magical power
   (You found it on level 2 of the Dungeon)
 s - an amulet of guardian spirit (around neck)
   (You found it on level 3 of the Dungeon)
 H - a +6 ring of dexterity (left hand)
   (You found it on level 7 of the Dungeon)
Wands
 x - a wand of iceblast (7)
   (You found it on level 4 of the Dungeon)
 A - a wand of mindburst (12)
   (You found it on level 6 of the Dungeon)
 I - a wand of acid (11)
   (You found it on level 7 of the Dungeon)
Scrolls
 c - 3 scrolls of fog
 e - a scroll of torment {unknown}
 f - 3 scrolls of silence {!r}
 g - a scroll of vulnerability {unknown}
 o - 2 scrolls of enchant armour
 D - 3 scrolls of teleportation {@r4}
Potions
 d - a potion of mutation {unknown}
 l - 3 potions of heal wounds {unknown}
 m - a potion of ambrosia {unknown}
 r - 2 potions of resistance {unknown}
 u - 2 potions of curing {@q1}
 v - 2 potions of brilliance {unknown}
 w - a potion of magic {unknown}
 B - a potion of flight {unknown}
 G - a potion of cancellation {unknown}

Dungeon Overview and Level Annotations

Branches:
Dungeon (8/15)             Temple (0/1) D:5          Bailey (1/1)
   Lair: D:8-11

Altars:
Elyvilon
Fedhas
Nemelex Xobeh
Trog
Uskayaw

Annotations:
D:4 1 runed translucent door, Crazy Yiuf

≈≈≈ ####≈≈≈≈≈≈≈≈≈≈≈##
≈≈≈≈ +.....)..∩.......
≈≈≈≈≈###..######.######
≈≈≈≈≈#....#?!.#...#
≈≈≈≈≈#.)..#!!.#...#
≈≈≈≈≈#'#'##+###8)8#
≈≈≈≈≈≈.#..# #...#
≈≈≈≈≈≈.#..# #8.8#
≈≈≈≈≈≈.#..# #...#
≈≈≈≈≈≈.#..# #...#
≈≈≈≈≈≈.#))# ##@##
≈≈≈≈≈≈.##)#....Ko3....#
≈≈≈≈≈≈.#))#..4.og.....#
≈≈≈≈≈≈.#.8#...........#
≈≈≈≈≈≈.#..#...........#
≈≈≈≈≈≈.#.8#############
≈≈≈≈≈≈.#.....#######
≈≈≈≈≈≈.#.8...#.....#
≈≈≈≈≈≈.#.....#.....#
≈≈≈≈≈#'####.)#..⌠..#
≈≈≈≈≈#....#.)).....+


You could see an orc knight, a sun demon (summoned), a hellwing (summoned), a
kobold demonologist, an orc sorcerer (strong) and a hobgoblin.


Message History

You puncture the orc warrior!
The orc warrior hits you with a +0 broad axe. 😕 HP[-5] MP[-1]
You take 5 damage, and now have 68/73 hp.
You lost 1 mp, and now have 7/8 mp.
You hit the orc warrior.
You feel better.
You kill the orc warrior!
Trog accepts your kill. 😕 HP[+3]
You regained 3 hp, and now have 71/73 hp.
Things that are here:
a +0 broad axe {axe}; a +0 ring mail Magic restored.
A gnoll comes into view.
It is wielding a +0 hand axe. 😎 HP[+2] MP[+1]
Your mp is fully restored (8).
You hit the gnoll. You headbutt the gnoll!
You kill the gnoll!
Trog accepts your kill.
Found an iron altar of Okawaru.
Things that are here:
a +0 hand axe {axe}; a +0 leather armour A kobold demonologist and an orc sorcerer come into view.
The orc sorcerer shouts!
The kobold demonologist gestures wildly while chanting.
A hobgoblin comes into view. It is wielding a +0 hand axe.
The hobgoblin moves out of view.
An orc knight comes into view. It is wielding a +0 war axe.
There is an open door here.
A red film seems to cover your vision as you go berserk!
You feel yourself moving faster!
You feel mighty!
The orc sorcerer points at you and mumbles some strange words.
The bolt of fire hits you!
The kobold demonologist hits you with a +0 war axe.
The sun demon hits you.
You are engulfed in flames! 😕 HP[+15] MP[-1]
You now have 109 max hp (+36).
You regained 15 hp, and now have 88/109 hp.
You lost 1 mp, and now have 7/8 mp.
You hit the kobold demonologist.
Your headbutt misses the kobold demonologist.
The sun demon completely misses you.
The orc sorcerer hits you with a +0 war axe.
The kobold demonologist barely misses you. 😕 HP[-3] MP[-1]
You take 3 damage, and now have 85/109 hp.
You lost 1 mp, and now have 6/8 mp.
You puncture the kobold demonologist!
You feel better.
Your headbutt misses the kobold demonologist.
The orc knight roars a battlecry!
The orc sorcerer goes into a battle-frenzy!
The sun demon barely misses you. 😕 HP[+4]
You regained 4 hp, and now have 89/109 hp.
You barely miss the kobold demonologist.
The orc sorcerer hits you with a +0 war axe!
The kobold demonologist hits you with a +0 war axe. 😮 HP[-14] MP[-1]
You take 14 damage, and now have 75/109 hp.
You lost 1 mp, and now have 5/8 mp.
You miss the kobold demonologist.
Your headbutt misses the kobold demonologist.
The sun demon hits you but does no damage.
You closely miss the kobold demonologist.
You headbutt the kobold demonologist!
The orc sorcerer hits you with a +0 war axe!
The kobold demonologist hits you but does no damage. 😮 HP[-12]
You take 12 damage, and now have 63/109 hp.
You hit the kobold demonologist. The sun demon barely misses you.
You furiously retaliate!
You headbutt the sun demon. You hit the kobold demonologist.
You feel better.
The orc sorcerer hits you with a +0 war axe.
The kobold demonologist hits you with a +0 war axe.
The sun demon completely misses you. 😮 HP[-4] MP[-1]
You take 4 damage, and now have 59/109 hp.
You lost 1 mp, and now have 4/8 mp.
You miss the kobold demonologist.
Your headbutt misses the kobold demonologist. 😮 HP[+1]
You barely miss the kobold demonologist.
The orc sorcerer hits you with a +0 war axe!
* * * LOW HITPOINT WARNING * * *
The kobold demonologist barely misses you.
The sun demon hits you!!
* * * LOW HITPOINT WARNING * * *
You are engulfed in flames!
* * * LOW HITPOINT WARNING * * *
😱 HP[-46] MP[-4]
You take 46 damage, and now have 14/109 hp.
MASSIVE DAMAGE!! (PAUSE)
You lost 4 mp, and now have 0/8 mp.
You hit the kobold demonologist but do no damage.
You closely miss the kobold demonologist.
The orc sorcerer hits you with a +0 war axe!
* * * LOW HITPOINT WARNING * * *
The kobold demonologist gestures wildly while chanting.
The sun demon hits you!!
You die...

Skill      XL: |  1  2  3  4  5  6  7  8 |
---------------+-------------------------+-----
Axes           | 4 5 7 10 13 | 13.5
Fighting       | 4 |  4.9
Armour         | 3 4 |  4.0
Dodging        | 3 |  3.7

Action                   |  1- 3 |  4- 6 |  7- 9 || total
-------------------------+-------+-------+-------++-------
Melee: Hand axe          |    79 |   104 |   129 ||   312
       Headbutt          |    13 |    25 |    32 ||    70
       Punch             |       |     2 |     7 ||     9
       Spear             |       |       |    59 ||    59
Throw: Stone             |       |       |    14 ||    14
Invok: Berserk           |       |     2 |     6 ||     8
  Use: Scroll            |       |       |     6 ||     6
Armor: Animal skin       |    18 |       |       ||    18
       Chain mail        |     2 |    30 |       ||    32
       Plate armour      |       |    17 |    79 ||    96
Dodge: Dodged            |    41 |    66 |    51 ||   158

Levels and vault maps discovered:
D:1:      beargit_arrival_greenhouse, layout_rooms, basic_ecumenical_altar,
          grunt_decor_one_mirror, minmay_misc_feat_square
D:2:      layout_loops_ring
D:3:      kennysheep_six_static_rooms, layout_basic, serial_forest,
          infiniplex_forest_clump_medium, infiniplex_forest_clump_large,
          infiniplex_forest_end_2, infiniplex_forest_clump_long,
          infiniplex_forest_end_2, infiniplex_forest_diagonal,
          infiniplex_forest_lined_3, infiniplex_forest_corner_1,
          infiniplex_forest_clump_cross, infiniplex_forest_clump_tiny,
          uniq_jessica
D:4:      layout_rooms, grunt_temple_overflow_diamond,
          chequers_serial_rivers_marsh, grunt_decor_fettered,
          uniq_crazy_yiuf_cottage
D:5:      layout_cave_pools, mainiacjoe_overflow_alcove_2,
          minmay_temple_entry_poolview, glass_columns_a, st_stairs_7,
          uniq_grinder
D:6:      cheibrodos_helix_gallery, layout_basic, dancing_weapons_uskayaw,
          small_statue_alley_b
D:7:      layout_gridville, st_stairs_3
D:8:      layout_cave_pools, enter_bailey_2, lemuel_flamethrower_2
Bailey:   bailey_axe_of_yendor_kennysheep, bailey

Notes
Turn   | Place    | Note
-------+----------+-------------------------------------------
     0 | D:1      | Faeu the Minotaur Berserker began the quest for the Orb.
     0 | D:1      | Reached XP level 1. HP: 19/19 MP: 0/0
     0 | D:1      | magus.rc [v1.9.6]
   140 | D:1      | Reached XP level 2. HP: 27/27 MP: 1/1
   199 | D:1      | Found a faded altar of an unknown god.
   493 | D:2      | Reached skill level 4 in Axes
   565 | D:2      | Reached skill level 4 in Fighting
   646 | D:2      | Reached skill level 3 in Armour
   646 | D:2      | Reached XP level 3. HP: 17/33 MP: 2/2
   954 | D:2      | Reached ** piety under Trog
  1814 | D:3      | Reached skill level 3 in Dodging
  1814 | D:3      | Reached XP level 4. HP: 28/41 MP: 3/3
  2192 | D:3      | Noticed Jessica
  2198 | D:3      | Killed Jessica
  2743 | D:4      | Reached XP level 5. HP: 29/47 MP: 4/4
  3038 | D:4      | Reached skill level 4 in Armour
  3199 | D:4      | Reached skill level 5 in Axes
  3254 | D:4      | Found a runed translucent door.
  3255 | D:4      | Noticed Crazy Yiuf
  3326 | D:4      | Found a sparkling altar of Nemelex Xobeh.
  3329 | D:4      | Found a blossoming altar of Fedhas.
  3332 | D:4      | Found a bloodstained altar of Trog.
  3429 | D:5      | Entered Level 5 of the Dungeon
  3749 | D:5      | Noticed an ogre
  3757 | D:5      | Killed an ogre
  3758 | D:5      | Reached XP level 6. HP: 55/55 MP: 3/5
  3838 | D:5      | You pick up a book of the Hunter {forbidden} and begin
                  | reading...
  3838 | D:5      | You add the spells Call Canine Familiar, Portal Projectile
                  | and Leda's Liquefaction to your library.
  3840 | D:5      | Noticed a sky beast
  3856 | D:6      | Reached skill level 6 in Axes
  3948 | D:6      | Reached skill level 7 in Axes
  3963 | D:6      | Reached XP level 7. HP: 52/60 MP: 2/6
  3973 | D:6      | Reached skill level 8 in Axes
  4347 | D:6      | Reached skill level 9 in Axes
  4661 | D:5      | Noticed Grinder
  4670 | D:5      | Paralysed by Grinder for 6 turns
  4677 | D:5      | Killed Grinder
  4678 | D:5      | Reached skill level 10 in Axes
  4678 | D:5      | Reached XP level 8. HP: 67/67 MP: 7/7
  4932 | D:5      | Reached skill level 11 in Axes
  5146 | D:5      | Found a white marble altar of Elyvilon.
  5200 | D:5      | Found a staircase to the Ecumenical Temple.
  5485 | D:6      | Found a hide-covered altar of Uskayaw.
  5485 | D:6      | Noticed a +0 dagger
  5485 | D:6      | Noticed a +0 hand axe
  5507 | D:6      | You pick up a book of Minor Magic {forbidden} and begin
                  | reading...
  5507 | D:6      | You add the spells Magic Dart, Call Imp and Mephitic Cloud
                  | to your library.
  5860 | D:7      | Reached skill level 12 in Axes
  5861 | D:7      | Reached *** piety under Trog
  6146 | D:8      | Found a flagged portal.
  6263 | Bailey   | Entered a bailey
  6458 | Bailey   | Reached skill level 13 in Axes
  6458 | Bailey   | Reached XP level 9. HP: 70/73 MP: 6/8
  6670 | Bailey   | Found an iron altar of Okawaru.
  6672 | Bailey   | Noticed a kobold demonologist
  6672 | Bailey   | Noticed an orc sorcerer
  6673 | Bailey   | Noticed a sun demon
  6675 | Bailey   | Noticed an orc knight
  6685 | Bailey   | HP: 24/109 [sun demon[a kobold demonologist] (21)]
  6687 | Bailey   | HP: 2/109 [orc sorcerer/+0 war axe (12)]
  6687 | Bailey   | Demolished by a sun demon

Vanquished Creatures
  Grinder (D:5)
  A steam dragon (D:8)
  A black bear (D:5)
  4 orc warriors (Bailey)
  2 ogres
  2 sky beasts (D:5)
  A necrophage (D:6)
  A kobold brigand (D:8)
  A phantom (D:6)
  A gnoll sergeant (D:6)
  A wyvern zombie (D:7)
  2 jellies (D:6)
  3 wights (D:6)
  A bullfrog zombie (D:4)
  A centaur zombie (D:6)
  A hound (D:5)
  A gnoll shaman (D:6)
  Jessica (D:3)
  3 iguanas
  An orc wizard (D:7)
  2 hound skeletons (D:4)
  6 gnolls
  7 adders
  2 shadow imps
  A white imp (D:7)
  An adder zombie (D:5)
  3 worms
  A dart slug (D:2)
  8 orcs
  2 ball pythons
  3 endoplasms
  5 giant cockroaches
  12 goblins
  8 hobgoblins
  7 jackals
  3 quokkas
  5 bats
  8 kobolds
  7 rats
121 creatures vanquished.

Vanquished Creatures (others)
  5 plants (D:3)
5 creatures vanquished.

Grand Total: 126 creatures vanquished

Table legend:
 A = Non-vault XP
 B = Vault XP
 C = Vault XP percentage of total XP
 D = Non-vault monster count
 E = Vault monster count
 F = Vault count percentage of total count
                 A         B        C        D         E       F
            +---------+---------+-------+---------+---------+-------
      Total |    2028 |    1112 |  35.4 |      86 |      35 |  28.9
            +---------+---------+-------+---------+---------+-------
        D:1 |      23 |       0 |   0.0 |      14 |       0 |   0.0
        D:2 |      53 |       0 |   0.0 |      20 |       0 |   0.0
        D:3 |      47 |      50 |  51.5 |      12 |       7 |  36.8
        D:4 |     137 |       0 |   0.0 |       9 |       0 |   0.0
        D:5 |     593 |     281 |  32.2 |       7 |       2 |  22.2
        D:6 |     869 |      76 |   8.0 |      17 |       2 |  10.5
        D:7 |      13 |     124 |  90.5 |       2 |       3 |  60.0
        D:8 |     293 |       0 |   0.0 |       5 |       0 |   0.0
     Bailey |       0 |     581 | 100.0 |       0 |      21 | 100.0
            +---------+---------+-------+---------+---------+-------

Illustrated notes

Table legend:
 A = Kills in this place as a percentage of kills in entire the game.
 B = Kills by you in this place as a percentage of kills by you in the entire game.
 C = Kills by friends in this place as a percentage of kills by friends in the entire game.
 D = Other kills in this place as a percentage of other kills in the entire game.
 E = Experience gained in this place as a percentage of experience gained in the entire game.
 F = Experience gained in this place divided by the number of levels of this place that you have seen.
                   A       B       C       D       E      F
               +-------+-------+-------+-------+-------+----------------------
         Total | 100.0 | 100.0 |   N/A |   N/A | 100.0 | 348.9
       Dungeon |  82.6 |  82.6 |   N/A |   N/A |  81.5 | 319.9
        Bailey |  17.4 |  17.4 |   N/A |   N/A |  18.5 | 581.0
               +-------+-------+-------+-------+-------+----------------------

Table legend: (Time is in decaauts)
 A = Elapsed time spent in this place.
 B = Non-inter-level travel time spent in this place.
 C = Inter-level travel time spent in this place.
 D = Time resting spent in this place.
 E = Time spent auto-exploring this place.
 F = Levels seen in this place.
 G = Mean time per level.
                   A        B        C        D        E       F      G
               +--------+--------+--------+--------+--------+-----+--------+
         Total |   6722 |   6155 |    567 |    763 |   4280 |   9 |  746.9 |
       Dungeon |   6315 |   5748 |    567 |    535 |   4253 |   8 |  789.4 |
        Bailey |    406 |    406 |      0 |    228 |     27 |   1 |  406.0 |
               +--------+--------+--------+--------+--------+-----+--------+

Top non-repeatable levels by time:
     D:2: 1236 daAuts
     D:6: 1047 daAuts
     D:3: 1035 daAuts
     D:4: 985 daAuts
     D:5: 875 daAuts
     D:1: 572 daAuts
  Bailey: 406 daAuts
     D:7: 361 daAuts
     D:8: 201 daAuts
